 Dungeon Sprint DCSS version 0.14-a0-50-gc6ee670 (console) character file.

1304 Dalvant the Arsonist (level 8, -2/46 HPs)
             Began as a Deep Elf Fire Elementalist on Sept 29, 2013.
             Was a Believer of Vehumet.
             Slain by a deep troll (20 damage)
             ... in the Dungeon (Sprint I: "Red Sonja").
             The game lasted 00:04:21 (962 turns).

Dalvant the Arsonist (Deep Elf Fire Elementalist)    Turns: 962, Time: 00:04:21

HP  -2/46        AC  8     Str  5      XL: 8   Next: 18%
MP  18/25        EV 15     Int 23      God: Vehumet [**....]
Gold 128         SH  0     Dex 15      Spells:  3 memorised, 12 levels left

Res.Fire  : . . .   See Invis. : .   j - +3,+0 mace (protect)
Res.Cold  : + . .   Warding    : .   d - +1 robe {rC+}
Life Prot.: . . .   Conserve   : .   (no shield)
Res.Poison: .       Res.Corr.  : .   (no helmet)
Res.Elec. : .       Clarity    : .   (no cloak)
Sust.Abil.: . .     Spirit.Shd : .   (no gloves)
Res.Mut.  : .       Prev.Telep.: +   (no boots)
Res.Rott. : .       Flight     : .   e - amulet of the gourmand
Gourmand  : +                        (no ring)
                                     (no ring)

@: somewhat resistant to hostile enchantments, quite stealthy
A: no striking features
a: Renounce Religion


You were in the Dungeon.
You worshipped Vehumet.
Vehumet was pleased with you.
You were not hungry.

You visited 1 branch You collected 528 gold pieces.
You spent 420 gold pieces at shops.

Inventory:

Hand weapons
 j - a +3,+0 mace of protection (weapon)
Armour
 a - a +0 elven robe
 d - a +1 robe of cold resistance (worn)
Scrolls
 h - a scroll of curse weapon {unknown}
 i - a scroll of blinking
Jewellery
 e - an amulet of the gourmand (around neck)
Potions
 f - a potion of speed
 g - 2 potions of magic
Books
 b - a book of Flames

   Spells                             Type                      Level
   *Flame Tongue                      Conjuration/Fire             1
   Throw Flame                        Conjuration/Fire             2
   Conjure Flame                      Conjuration/Fire             3
   Inner Flame                        Hexes/Fire                   3
   *Sticky Flame                      Conjuration/Fire             4
   *Fireball                          Conjuration/Fire             5


   Skills:
 - Level 6.0 Fighting
 - Level 5.1 Dodging
 - Level 5.0 Stealth
 + Level 7.7 Spellcasting
 * Level 8.0 Conjurations
 + Level 13.7 Fire Magic


You had 12 spell levels left.
You knew the following spells:

 Your Spells              Type           Power        Failure   Level  Hunger
a - Flame Tongue          Conj/Fire      #####        1%          1    None
c - Sticky Flame          Conj/Fire      ######..     1%          4    ###....
v - Fireball              Conj/Fire      ######....   2%          5    ####...


Dungeon Overview and Level Annotations

Branches:
Dungeon (1/1)

Altars:
Ashenzari
Fedhas
Kikubaaqudgha
Sif Muna
Trog
Vehumet
the Shining One

Shops:
D !=


Message History

The deep troll burns!
The deep troll burns!
There is an open door here.
The deep troll burns!
The deep troll burns!
The deep troll stops burning.
There is an open door here.
Casting: Sticky Flame
Confirm with . or Enter, or press ? or * to list all spells.
Aiming: Fireball
Press: ? - help, Shift-Dir - straight line, p - deep troll That beam is likely to hit you.
Continue anyway?
Okay, then.
Casting: Fireball
Confirm with . or Enter, or press ? or * to list all spells.
Aiming: Fireball
Press: ? - help, Shift-Dir - straight line The fireball explodes!
The fireball engulfs the deep troll.
The deep troll is almost dead.
The deep troll bites you!
You die...

##########################
#<<#..)..#.)@..#__#..'.).#
#<.)..#..'..#T.'..').#...#
#..#####'#####'#__####...+
#..####..#...#.#### #####
#..#_.####..##.#
#..#.....##'#..+
#⌠⌠#_.∩...'..._#
####.....##_.#'#
#_._._###'#.#
############.####+###
#∩........'...'$$.$$+
###++++####.).#######
##.## #+#


You could see a deep troll.

Vanquished Creatures
  A giant amoeba (D)
  Sonja (D)
  A blue devil (D)
  An elephant slug (D)
  2 kobold demonologists (D)
  An ogre (D)
  A rotting devil (D)
  Sigmund (D)
  A jelly (D)
  Ijyb (D)
  A giant eyeball (D)
12 creatures vanquished.

Vanquished Creatures (others)
  A metal gargoyle (D)
1 creature vanquished.

Grand Total: 13 creatures vanquished

Notes
Turn   | Place    | Note
--------------------------------------------------------------
     0 | D        | Dalvant, the Deep Elf Fire Elementalist, began the quest for the Orb.
     0 | D        | Reached XP level 1. HP: 10/10 MP: 4/4
     1 | D        | Noticed Ijyb
    10 | D        | Killed Ijyb
    10 | D        | Reached skill level 5 in Fire Magic
    10 | D        | Reached XP level 2. HP: 15/15 MP: 0/7
    64 | D        | Noticed an ogre
    71 | D        | Killed an ogre
    71 | D        | Reached skill level 5 in Dodging
    71 | D        | Reached skill level 8 in Fire Magic
    71 | D        | Reached XP level 3. HP: 8/19 MP: 0/10
    71 | D        | Reached XP level 4. HP: 10/24 MP: 0/13
   250 | D        | Learned a level 4 spell: Sticky Flame
   263 | D        | Noticed Sigmund
   272 | D        | Killed Sigmund
   272 | D        | Reached skill level 1 in Fighting
   272 | D        | Reached skill level 9 in Fire Magic
   272 | D        | Reached XP level 5. HP: 18/28 MP: 6/17
   391 | D        | Found an ancient bone altar of Kikubaaqudgha.
   391 | D        | Found a bloodstained altar of Trog.
   391 | D        | Found a shattered altar of Ashenzari.
   391 | D        | Found a deep blue altar of Sif Muna.
   391 | D        | Noticed a giant amoeba
   393 | D        | Found a radiant altar of Vehumet.
   394 | D        | Noticed a jelly
   395 | D        | Found a glowing golden altar of the Shining One.
   399 | D        | Killed a jelly
   399 | D        | Reached skill level 5 in Stealth
   405 | D        | Became a worshipper of Vehumet
   441 | D        | Killed a giant amoeba
   441 | D        | Reached skill level 5 in Fighting
   441 | D        | Reached skill level 12 in Fire Magic
   441 | D        | Reached XP level 6. HP: 30/35 MP: 14/21
   441 | D        | Reached XP level 7. HP: 34/40 MP: 14/22
   448 | D        | Learned a level 5 spell: Fireball
   513 | D        | Noticed a kobold demonologist
   515 | D        | Noticed a kobold demonologist
   515 | D        | Killed a kobold demonologist
   515 | D        | Acquired Vehumet's first power
   515 | D        | Offered knowledge of Sting by Vehumet.
   519 | D        | Noticed an iron devil
   521 | D        | Noticed a blue devil
   525 | D        | Killed a kobold demonologist
   525 | D        | Reached skill level 13 in Fire Magic
   544 | D        | Killed a blue devil
   571 | D        | Killed a metal gargoyle
   718 | D        | Found a radiant altar of Vehumet.
   718 | D        | Found a blossoming altar of Fedhas.
   718 | D        | Found Amosoy's Jewellery Emporium.
   718 | D        | Found a bloodstained altar of Trog.
   718 | D        | Found a deep blue altar of Sif Muna.
   718 | D        | Noticed an elephant slug
   737 | D        | Killed an elephant slug
   805 | D        | Found a deep blue altar of Sif Muna.
   809 | D        | Bought an uncursed amulet of the gourmand for 420 gold pieces
   820 | D        | Noticed Sonja
   823 | D        | Killed Sonja
   823 | D        | Offered knowledge of Shock by Vehumet.
   823 | D        | Reached XP level 8. HP: 46/46 MP: 8/25
   927 | D        | Found Fepe's Distillery.
   948 | D        | Noticed a deep troll
   962 | D        | Slain by a deep troll

Action                   |  1- 3 |  4- 6 |  7- 9 || total
-------------------------+-------+-------+-------++-------
Melee: Unarmed           |     4 |     1 |       ||     5
       Mace              |       |       |     5 ||     5
 Cast: Flame Tongue      |    10 |     5 |    10 ||    25
       Sticky Flame      |       |     3 |     4 ||     7
       Fireball          |       |       |     7 ||     7
  Use: Potion            |     1 |     1 |     1 ||     3
